 Dungeon Crawl Stone Soup version 0.31.0-11-ge490571c62 (webtiles) character file.

Game seed: 15835726611334171677

3694 qw the Nimble (level 9, 0/45 HPs)
             Began as a Spriggan Hunter on Feb 3, 2024.
             Was a Believer of Okawaru.
             Succumbed to a hornet's poison
             ... on level 9 of the Dungeon.
             The game lasted 00:00:37 (6867 turns).

qw the Nimble (Spriggan Hunter)                     Turns: 6867, Time: 00:00:37

Health: 0/45       AC:  9    Str:  6    XL:     9   Next: 90%
Magic:  11/12      EV: 37    Int: 10    God:    Okawaru [**....]
Gold:   419        SH:  0    Dex: 26    Spells: 8/8 levels left

rFire   . . .        i - +1 orcbow
rCold   + . .        (shield currently unavailable)
rNeg    . . .        c - +1 robe
rPois   .            m - +2 hat
rElec   .            (no cloak)
rCorr   .            (gloves unavailable)
SInv    +            (boots unavailable)
Will    +....        (no amulet)
Stlth   ++++         k - +4 ring of protection
HPRegen 0.27/turn    b - ring of protection from cold
MPRegen 0.13/turn

%: no passive effects
@: lethally poisoned (0 -> -2), heroic, slowed, quick
A: very small, no large weapons, unfitting armour, see invisible, speed 3, agile
1
a: Renounce Religion, Heroism


You were on level 9 of the Dungeon.
You worshipped Okawaru.
Okawaru was pleased with you.
You visited 2 branches of the dungeon, and saw 10 of its levels.

You collected 575 gold pieces.
You spent 156 gold pieces at shops.


Innate Abilities, Weirdness & Mutations

You are very small and have problems with some larger weapons.
You are too small for most types of armour.
You have supernaturally acute eyesight. (SInv)
You cover ground extremely quickly. (Speed+++)
You are agile. (Dex +4, Str/Int -1)


   Skills:
 - Level 4.0(9.0) Fighting
 + Level 10.5(15.5) Ranged Weapons
 - Level 12.0(17.0) Dodging
 - Level 1.5(6.5) Stealth
 + Level 2.6 Invocations


You had 8 spell levels left.
You didn't know any spells.
Your spell library was empty.

Inventory:

Hand Weapons
 i - a +1 orcbow (weapon)
Armour
 c - a +1 robe (worn)
 m - a +2 hat (worn)
Jewellery
 b - a ring of protection from cold (right hand)
 k - a +4 ring of protection (left hand)
Wands
 a - a wand of mindburst (15)
 j - a wand of roots (9)
 n - a wand of digging (3)
Scrolls
 h - 2 scrolls of identify
Potions
 d - a potion of curing
 e - 2 potions of cancellation
 f - 3 potions of might
 g - a potion of mutation
 l - 4 potions of resistance

Dungeon Overview and Level Annotations

Branches:
Dungeon (9/15)             Temple (1/1) D:7
   Lair: D:8-11         Orc: D:9-12

Altars:
Ashenzari
Cheibriados
Dithmenos
Elyvilon
Fedhas
Gozag
Hepliaklqana
Makhleb
Okawaru
Qazlal
Ru
Sif Muna
Trog
Vehumet
Wu Jian
Xom
Yredelemnul
The Shining One

Shops:
D:6 (

Annotations:
D:5 1 runed translucent door, qw's ghost, novice SpHu
D:6 3 runed translucent doors, qw's ghost, novice SpHu


Message History

The hornet completely misses you. The hornet barely misses you.
You shoot an arrow. The arrow hits the hornet!
The hornet is moderately wounded.
The hornet completely misses you.
You shoot an arrow. The arrow misses the hornet.
The hornet completely misses you. The hornet closely misses you.
You shoot an arrow.
The arrow hits the hornet but does no damage.
The hornet is moderately wounded.
The hornet misses you.
You shoot an arrow. The arrow closely misses the hornet.
The hornet completely misses you. The hornet misses you.
You shoot an arrow. The arrow closely misses the hornet.
The hornet stings you!
You are poisoned.
You feel yourself slow down.
6860 ||| INVOKING Heroism.
You gain the combat prowess of a mighty hero.
You feel very sick. The hornet stings you!
You feel as though you will be slow longer.
The hornet barely misses you.
You shoot an arrow. The arrow completely misses the hornet.
You feel sick. The hornet completely misses you. x2
You shoot an arrow. The arrow closely misses the hornet.
You feel yourself speed up.
You feel sick. The hornet barely misses you. The hornet completely misses you.
You shoot an arrow. The arrow hits the hornet!!
The hornet is almost dead.
You feel sick. The hornet misses you.
You shoot an arrow. The arrow barely misses the hornet.
The hornet completely misses you.
You shoot an arrow. The arrow barely misses the hornet.
You feel sick. The hornet stings you!
You feel yourself slow down.
You shoot an arrow. The arrow misses the hornet.
You feel sick. The hornet completely misses you. x2
You shoot an arrow. The arrow hits the hornet!!
You kill the hornet!
Okawaru is honoured by your kill.
You die...

)).#####..........
..................
.#######.....)....
.# #.......... .#
#(......... .#
###.####### .#
#..# .#
##'######## .####
#...#....@# ....#
#.#.#.###.#
....####.#...# ..#
......##.#.###.###
....#..#.#.. #.
....##.'.###.#
########...#..
##+## ##


There were no monsters in sight!

Vanquished Creatures
  An unseen horror (D:8)
  A hornet (D:9)
  A steam dragon (D:7)
  3 water moccasins
  An orc warrior (D:9)
  2 ice beasts
  3 sky beasts
  3 ogres
  6 centaurs
  A phantom (D:5)
  2 kobold brigands (D:5)
  3 bullfrogs
  3 scorpions (D:5)
  4 wights (D:7)
  2 bombardier beetles
  A centaur zombie (D:6)
  2 hounds (D:5)
  5 orc priests
  A jelly (D:5)
  A sleepcap (D:6)
  5 iguanas
  7 orc wizards
  A howler monkey zombie (D:6)
  4 gnolls (D:4)
  3 adders
  2 shadow imps
  An ufetubus (D:6)
  A dart slug (D:3)
  4 ribbon worms
  40 orcs
  9 ball pythons
  7 endoplasms
  3 giant cockroaches
  5 goblins
  5 hobgoblins
  3 jackals (D:2)
  17 kobolds
  4 quokkas
  5 bats
  7 frilled lizards
  3 rats (D:2)
182 creatures vanquished.

Vanquished Creatures (others)
  An arcanist (D:3)
  An orc wizard (D:6)
  A white imp (D:7)
3 creatures vanquished.

Grand Total: 185 creatures vanquished

Notes
Turn   | Place    | Note
-------+----------+-------------------------------------------
     0 | D:1      | qw the Spriggan Hunter began the quest for the Orb.
     0 | D:1      | Reached XP level 1. HP: 10/10 MP: 2/2
     0 | D:1      | 0 ||| qw: Version: 0.3-a-157-g843a77d
     0 | D:1      | 0 ||| qw: Game counter: 3786
     0 | D:1      | 0 ||| qw: Melee chars always use a shield: true
     0 | D:1      | 0 ||| qw: God list: Okawaru
     0 | D:1      | 0 ||| qw: Allow faded altars: false
     0 | D:1      | 0 ||| qw: Do Orc after clearing Dungeon:15 true
     0 | D:1      | 0 ||| qw: Do second Lair branch before Depths: true
     0 | D:1      | 0 ||| qw: Lair rune preference: random
     0 | D:1      | 0 ||| qw: Goals: Normal
     0 | D:1      | 0 ||| PLANNING D:1-11
    76 | D:1      | Reached skill level 3 in Dodging
   178 | D:1      | Reached XP level 2. HP: 14/14 MP: 3/3
   243 | D:1      | Reached skill level 4 in Dodging
   648 | D:1      | 648 ||| DROPPING scarf of shadows.
   649 | D:1      | 649 ||| UPGRADING to +4 ring of protection.
   650 | D:1      | 650 ||| READING scroll labelled ONIDUY WOYRELO.
   655 | D:1      | 655 ||| READING scroll labelled BIJIEG QAAGUCA.
   656 | D:1      | 656 ||| READING 3 scrolls labelled MAAMOHO LESMY.
   656 | D:1      | 656 ||| IDENTIFYING smoky inky potion
   657 | D:1      | 657 ||| READING 2 scrolls of identify.
   657 | D:1      | 657 ||| IDENTIFYING bubbling amethyst potion
   658 | D:1      | 658 ||| READING scroll of identify.
   658 | D:1      | 658 ||| IDENTIFYING 2 orange potions
   659 | D:1      | 659 ||| READING 2 scrolls labelled FUDUMEDWAL.
   659 | D:1      | 659 ||| ENCHANTING +0 shortbow.
   660 | D:1      | 660 ||| READING scroll of enchant weapon.
   660 | D:1      | 660 ||| ENCHANTING +1 shortbow.
   661 | D:1      | 661 ||| DRINKING 2 blue potions.
   662 | D:1      | 662 ||| DROPPING scroll of butterflies.
   731 | D:2      | Reached XP level 3. HP: 18/18 MP: 4/4
  1008 | D:2      | 1008 ||| READING scroll of enchant weapon.
  1008 | D:2      | 1008 ||| ENCHANTING +2 shortbow.
  1349 | D:2      | 1349 ||| UPGRADING to ring of protection from cold.
  1368 | D:3      | 1368 ||| STAIRDANCE
  1442 | D:3      | 1442 ||| SWAPPING to +0 orcbow.
  1443 | D:3      | 1443 ||| DROPPING +3 shortbow.
  1573 | D:3      | You fall into a shaft and drop 2 floors!
  1573 | D:5      | Entered Level 5 of the Dungeon
  1578 | D:5      | Reached XP level 4. HP: 22/22 MP: 5/5
  1579 | D:5      | Noticed a water moccasin
  1586 | D:5      | Killed a water moccasin
  1587 | D:5      | Reached skill level 6 in Dodging
  1587 | D:5      | Reached XP level 5. HP: 10/25 MP: 6/6
  1591 | D:5      | HP: 6/25 [poisoned by a water moccasin]
  1778 | D:5      | 1778 ||| READING scroll of identify.
  1778 | D:5      | 1778 ||| IDENTIFYING metallic white potion
  1779 | D:5      | 1779 ||| DRINKING 2 cyan potions.
  1779 | D:5      | Gained mutation: You are agile. (Dex +4, Str/Int -1)
                  | [potion of mutation]
  1963 | D:4      | 1963 ||| READING scroll of identify.
  1963 | D:4      | 1963 ||| IDENTIFYING coppery potion
  1964 | D:4      | 1964 ||| READING scroll labelled CONILEAXZU.
  1965 | D:4      | 1965 ||| DROPPING potion of invisibility.
  1999 | D:3      | Reached XP level 6. HP: 30/30 MP: 7/7
  2019 | D:3      | Identified the +1 quarterstaff "Hellblazer" {elec, *Corrode
                  | rN+++ Int-3 Dex+6}
  2307 | D:3      | 2307 ||| DRINKING potion of curing.
  2307 | D:3      | 2307 ||| (to cure confusion)
  2376 | D:3      | Found a bloodstained altar of Trog.
  2378 | D:3      | Noticed a wizard
  2383 | D:3      | Killed a wizard
  2444 | D:3      | 2444 ||| READING scroll of identify.
  2444 | D:3      | 2444 ||| IDENTIFYING red potion
  2445 | D:3      | 2445 ||| READING scroll labelled YLI WA YTZ.
  2446 | D:3      | 2446 ||| DROPPING potion of magic.
  2551 | D:4      | Found a white marble altar of Elyvilon.
  2794 | D:4      | Reached skill level 6 in Ranged Weapons
  3222 | D:4      | 3222 ||| READING scroll labelled QOQESO TYAFFUYSOS.
  3222 | D:4      | 3222 ||| ENCHANTING +0 robe.
  3223 | D:4      | 3223 ||| DRINKING 2 brown potions.
  3260 | D:4      | 3260 ||| DROPPING potion of lignification.
  3362 | D:5      | Reached skill level 7 in Dodging
  3369 | D:5      | HP: 6/30 [burnt (3)]
  3370 | D:5      | 3370 ||| DRINKING potion of heal wounds.
  3371 | D:5      | 3371 ||| FLEEEEING.
  3372 | D:5      | 3372 ||| FLEEEEING.
  3373 | D:5      | 3373 ||| FLEEEEING.
  3374 | D:5      | 3374 ||| FLEEEEING.
  3375 | D:5      | 3375 ||| FLEEEEING.
  3377 | D:5      | 3377 ||| FLEEEEING.
  3378 | D:5      | 3378 ||| FLEEEEING.
  3380 | D:5      | 3380 ||| FLEEEEING.
  3385 | D:5      | 3385 ||| FLEEEEING.
  3387 | D:5      | 3387 ||| FLEEEEING.
  3388 | D:5      | 3388 ||| FLEEEEING.
  3389 | D:5      | 3389 ||| FLEEEEING.
  3390 | D:5      | 3390 ||| FLEEEEING.
  3392 | D:5      | 3392 ||| FLEEEEING.
  3393 | D:5      | 3393 ||| FLEEEEING.
  3394 | D:5      | 3394 ||| FLEEEEING.
  3395 | D:5      | 3395 ||| FLEEEEING.
  3396 | D:5      | 3396 ||| FLEEEEING.
  3398 | D:5      | 3398 ||| FLEEEEING.
  3403 | D:5      | 3403 ||| FLEEEEING.
  3404 | D:5      | 3404 ||| FLEEEEING.
  3405 | D:5      | 3405 ||| STAIRDANCE
  3467 | D:5      | Reached XP level 7. HP: 35/35 MP: 8/8
  3586 | D:5      | Reached skill level 8 in Dodging
  3842 | D:5      | Found a runed translucent door.
  3852 | D:5      | Noticed qw's ghost (novice SpHu)
  3957 | D:5      | 3957 ||| READING scroll labelled ARIAPN CIHIO.
  4068 | D:6      | 4068 ||| STAIRDANCE
  4077 | D:6      | 4077 ||| STAIRDANCE
  4113 | D:6      | 4113 ||| STAIRDANCE
  4147 | D:6      | 4147 ||| STAIRDANCE
  4157 | D:6      | 4157 ||| STAIRDANCE
  4169 | D:5      | Reached XP level 8. HP: 33/39 MP: 9/9
  4193 | D:6      | 4193 ||| STAIRDANCE
  4218 | D:6      | 4218 ||| STAIRDANCE
  4266 | D:6      | 4266 ||| STAIRDANCE
  4273 | D:6      | 4273 ||| STAIRDANCE
  4285 | D:5      | Reached skill level 9 in Dodging
  4371 | D:6      | 4371 ||| STAIRDANCE
  4400 | D:6      | 4400 ||| STAIRDANCE
  4486 | D:6      | Reached skill level 3 in Fighting
  4542 | D:6      | Found an opulent altar of Gozag.
  4651 | D:6      | Found an ornate altar of the Wu Jian Council.
  4697 | D:6      | Found Pasirhya's Antique Weapon Emporium.
  4705 | D:6      | 4705 ||| BUYING glowing shortbow (156 gold).
  4705 | D:6      | Bought a glowing shortbow for 156 gold pieces
  4705 | D:6      | 4705 ||| DROPPING +6 shortbow of draining.
  4783 | D:6      | Found a runed translucent gate.
  4783 | D:6      | Found a runed translucent gate.
  4783 | D:6      | Found a runed translucent gate.
  4783 | D:6      | Noticed qw's ghost (novice SpHu)
  4786 | D:6      | Found a basalt altar of Yredelemnul.
  4881 | D:6      | Reached skill level 9 in Ranged Weapons
  5076 | D:7      | 5076 ||| Stepping ~*~*~tactically~*~*~ (cloud).
  5087 | D:7      | Reached skill level 10 in Dodging
  5276 | D:7      | Identified the +3 leather armour "Jyehuesch" {Fly rN+
                  | Str-2}
  5288 | D:7      | 5288 ||| FLEEEEING.
  5298 | D:7      | Reached XP level 9. HP: 36/44 MP: 10/10
  5315 | D:7      | 5315 ||| FLEEEEING.
  5557 | D:7      | Found a staircase to the Ecumenical Temple.
  5558 | D:7      | 5558 ||| PLANNING TEMPLE
  5558 | D:7      | 5558 ||| UPGRADING to +2 hat.
  5568 | Temple   | Entered the Ecumenical Temple
  5569 | Temple   | 5569 ||| PLANNING OKAWARU WORSHIP
  5583 | Temple   | Became a worshipper of Warmaster Okawaru
  5584 | Temple   | 5584 ||| PLANNING D:1-11
  5778 | D:7      | Reached skill level 11 in Dodging
  5921 | D:8      | 5921 ||| FLEEEEING.
  5924 | D:8      | 5924 ||| FLEEEEING.
  5926 | D:8      | 5926 ||| FLEEEEING.
  5927 | D:8      | 5927 ||| FLEEEEING.
  5928 | D:8      | 5928 ||| FLEEEEING.
  5929 | D:8      | 5929 ||| FLEEEEING.
  5931 | D:8      | 5931 ||| FLEEEEING.
  5932 | D:8      | 5932 ||| FLEEEEING.
  5933 | D:8      | 5933 ||| FLEEEEING.
  5934 | D:8      | 5934 ||| FLEEEEING.
  5935 | D:8      | 5935 ||| FLEEEEING.
  5940 | D:8      | 5940 ||| FLEEEEING.
  5941 | D:8      | 5941 ||| FLEEEEING.
  6095 | D:8      | Noticed an unseen horror
  6097 | D:8      | 6097 ||| ZAPPING wand of mindburst (18) at 4,0 (unseen
                  | horror; floor).
  6098 | D:8      | 6098 ||| ZAPPING wand of mindburst (17) at 1,0 (unseen
                  | horror; floor).
  6099 | D:8      | 6099 ||| ZAPPING wand of mindburst (16) at 3,-1 (unseen
                  | horror; floor).
  6099 | D:8      | Killed an unseen horror
  6099 | D:8      | Reached * piety under Okawaru
  6100 | D:8      | Reached skill level 12 in Dodging
  6134 | D:8      | Found a broken altar of Ashenzari.
  6167 | D:8      | Reached skill level 1 in Invocations
  6216 | D:8      | Found a burning altar of Makhleb.
  6427 | D:8      | 6427 ||| READING scroll of enchant weapon.
  6427 | D:8      | 6427 ||| ENCHANTING +0 orcbow.
  6507 | D:8      | 6507 ||| READING 4 scrolls of identify.
  6507 | D:8      | 6507 ||| IDENTIFYING sedimented ruby potion
  6508 | D:8      | 6508 ||| READING 3 scrolls of identify.
  6508 | D:8      | 6508 ||| IDENTIFYING scroll labelled PUJIKL XACAE
  6509 | D:8      | 6509 ||| READING 2 scrolls of identify.
  6509 | D:8      | 6509 ||| IDENTIFYING scroll labelled BOGUCH QULOUFI
  6510 | D:8      | 6510 ||| DROPPING scroll of fog.
  6511 | D:8      | 6511 ||| DROPPING potion of degeneration.
  6512 | D:8      | 6512 ||| DROPPING scroll of amnesia.
  6745 | D:9      | Reached ** piety under Okawaru
  6860 | D:9      | 6860 ||| INVOKING Heroism.
  6865 | D:9      | HP: 1/45 [hornet (12)]
  6867 | D:9      | Succumbed to a hornet's poison

Levels and vault maps discovered:
D:1:      co_arrival_two_rings, layout_loops_ring, minmay_tall_x
D:2:      layout_basic, serial_glass, glass_columns_b, glass_columns_b,
          glass_columns_a, glass_columns_b, glass_columns_b, glass_columns_a,
          glass_columns_a, glass_columns_a, glass_columns_a, glass_columns_b,
          glass_columns_a, glass_columns_b, glass_columns_a, glass_columns_b
D:3:      layout_loops_ring, trog_wizard
D:4:      layout_cave_pods, elyvilon_altar_4, minmay_stone_trees_large,
          grunt_decor_arrowhead, chequers_big_river
D:5:      layout_gridville, ebering_ghost_reflecting_pool
D:6:      layout_cave_pools, nicolae_gozag_cash_rules_everything_around_me,
          nicolae_wu_jian_wuxing_cycle, nicolae_yredelemnul_ghost_church,
          serial_shops, shop, st_stairs_2
D:7:      layout_loops_cross, minmay_temple_entry_fiery, serial_glass,
          glass_columns_b, glass_columns_b, feat_on_display, item_on_display_a
D:8:      layout_basic, overflow_temple_1_default, lemuel_crystal_altar
D:9:      layout_roguey, nicolae_uskayaw_dance_studio,
          nemelex_xobeh_ov_fountains_minmay, zin_academy
Temple:   jpeg_temple_clearing

Skill      XL: |  1  2  3  4  5  6  7  8  9 |
---------------+----------------------------+-----
Dodging        | 3 4 6 7 8 10 12 | 12.0
Ranged Weapons | 5 6 8 9 10 | 10.5
Fighting       | 2 3 4 |  4.0
Invocations    | 2 |  2.6
Stealth        | |  1.5

Action                     |  1- 3 |  4- 6 |  7- 9 || total
---------------------------+-------+-------+-------++-------
   Fire: Shortbow          |    96 |       |       ||    96
         Orcbow            |     3 |   149 |   385 ||   537
 Invoke: Heroism           |       |       |     1 ||     1
  Evoke: Wand              |       |       |     3 ||     3
    Use: Scroll            |     8 |     6 |     5 ||    19
         Potion            |     1 |     4 |       ||     5
 Armour: Robe              |     1 |    16 |    62 ||    79
  Dodge: Dodged            |    18 |    62 |   299 ||   379

Table legend:
 A = Non-vault XP
 B = Vault XP
 C = Vault XP percentage of total XP
 D = Non-vault monster count
 E = Vault monster count
 F = Vault count percentage of total count
                 A         B        C        D         E       F
            +---------+---------+-------+---------+---------+-------
      Total |    5443 |     111 |   2.0 |     175 |       8 |   4.4
            +---------+---------+-------+---------+---------+-------
        D:1 |      25 |       6 |  19.4 |      15 |       4 |  21.1
        D:2 |      44 |       0 |   0.0 |      19 |       0 |   0.0
        D:3 |      92 |       0 |   0.0 |      22 |       0 |   0.0
        D:4 |     148 |       0 |   0.0 |      15 |       0 |   0.0
        D:5 |    1404 |       0 |   0.0 |      49 |       0 |   0.0
        D:6 |     502 |     105 |  17.3 |      12 |       4 |  25.0
        D:7 |    1341 |       0 |   0.0 |      19 |       0 |   0.0
        D:8 |    1131 |       0 |   0.0 |      11 |       0 |   0.0
        D:9 |     756 |       0 |   0.0 |      13 |       0 |   0.0
            +---------+---------+-------+---------+---------+-------
